 Dungeon Crawl Stone Soup version 0.24.0-125-gc4c63601f3 (webtiles) character file.

Game seed: 14275750333693537685, levelgen mode: deterministic

5 Lemonice the Caller (level 1, 0/14 HPs)
             Began as a Barachi Summoner on Feb 21, 2020.
             Slain by a hobgoblin
             ... wielding a +0 club
              (3 damage)
             ... on level 1 of the Dungeon.
             The game lasted 00:01:05 (289 turns).

Lemonice the Caller (Barachi Summoner)               Turns: 289, Time: 00:01:05

Health: 0/14       AC:  2    Str:  9    XL:     1   Next: 80%
Magic:  2/3        EV: 12    Int: 15    God:
Gold:   7          SH:  0    Dex: 12    Spells: 3/4 levels left

rFire    . . .     SeeInvis .   b - +0 club
rCold    . . .     Gourm    .   (no shield)
rNeg     . . .     Faith    .   a - +0 robe
rPois    .         Spirit   .   (no helmet)
rElec    .         Reflect  .   (no cloak)
rCorr    .         Harm     .   (no gloves)
MR       .....                  (no boots)
Stlth    ++........             (no amulet)
HPRegen  0.04/turn              (no ring)
MPRegen  0.08/turn              (no ring)

@: slow
A: +LOS, swims, slowness 1, strong legs 1
a: Hop


You were on level 1 of the Dungeon.
You were not hungry.

You visited 1 branch of the dungeon, and saw 1 of its levels.

You collected 7 gold pieces.

Inventory:

Hand Weapons
 b - a +0 club (weapon)
Armour
 a - a +0 robe (worn)
Comestibles
 c - 3 rations


   Skills:
 + Level 0.4 Fighting
 + Level 2.3 Dodging
 - Level 1.7 Stealth
 + Level 2.2 Spellcasting
 + Level 5.0 Summonings


You had 3 spell levels left.
You knew the following spells:

 Your Spells              Type           Power        Failure   Level  Hunger
a - Summon Small Mammal   Summ           ###.         2%          1    #......

Your spell library contained the following spells:

 Spells                   Type           Power        Failure   Level  Hunger
 Call Imp                 Summ           ###.....     4%          2    ###....
 Call Canine Familiar     Summ           ###.....     9%          3    ###....
 Summon Guardian Golem    Hex/Summ       #.......     22%         3    ###....
 Summon Ice Beast         Ice/Summ       #.......     58%         4    #####..
 Summon Lightning Spire   Summ/Air       #.......     58%         4    #####..


Dungeon Overview and Level Annotations

Branches:
Dungeon (1/15)

Altars:


Innate Abilities, Weirdness & Mutations

Shadows flee at your approach. (+LOS)
You can swim through water.
You cover ground slowly.
You can hop short distances.


Message History

The kobold barely misses you.
Your bat closely misses the kobold.
The hobgoblin closely misses you.
You hit the kobold.
You kill the kobold!
The hobgoblin hits you with a +0 club.
You closely miss the hobgoblin.
Your bat barely misses the hobgoblin.
Your bat hits the hobgoblin but does no damage.
The hobgoblin closely misses you.
You barely miss the hobgoblin.
Your bat hits the hobgoblin but does no damage. x2
The hobgoblin hits you with a +0 club.
* * * LOW HITPOINT WARNING * * *
You closely miss the hobgoblin.
Your bat hits the hobgoblin but does no damage. x2
The hobgoblin misses you.
You hit the hobgoblin.
The hobgoblin is almost dead.
Your bat barely misses the hobgoblin.
Your bat closely misses the hobgoblin.
The hobgoblin hits you with a +0 club.
You die...

.# ##.##
....#
....###
########
.......
.......g##
....# #b@#
....# ###
##b# ....#
#≈####.#
....#
#≈≈≈##.#
....#
###≈≈#.#
....#
##≈≈#.#
..###
##≈≈≈..#
#.#
##≈.≈≈≈##
#.#
#...≈≈..#


You could see a hobgoblin and 2 friendly bats.

Vanquished Creatures
  2 hobgoblins (D:1)
  A kobold (D:1)
  A rat (D:1)
4 creatures vanquished.

Vanquished Creatures (collateral kills)
  A hobgoblin (D:1)
  A frilled lizard (D:1)
2 creatures vanquished.

Grand Total: 6 creatures vanquished

Notes
Turn   | Place    | Note
-------+----------+-------------------------------------------
     0 | D:1      | Lemonice the Barachi Summoner began the quest for the Orb.
     0 | D:1      | Reached XP level 1. HP: 13/13 MP: 3/3
   245 | D:1      | Reached skill level 5 in Summonings
   289 | D:1      | Slain by a hobgoblin

Levels and vault maps discovered:
D:1:      dpeg_arrival_another_circle, layout_rooms, serial_rivers,
          chequers_serial_rivers_small_a, chequers_serial_rivers_small_3,
          chequers_serial_rivers_large_a, chequers_serial_rivers_small_a,
          minmay_misc_feat_chi, chequers_serial_rivers_small_3,
          cheibriados_altar_1

Skill      XL: |  1 |
---------------+----+-----
Summonings     | 5 |  5.0
Fighting       | |  0.4
Dodging        | |  2.3
Stealth        | |  1.7
Spellcasting   | |  2.2

Action                   || total
-------------------------++-------
Melee: Club              ||    17
       Unarmed           ||     4
 Cast: Summon Small Mamm ||     6
 Stab: Sleeping          ||     1
Armor: Robe              ||     2
Dodge: Dodged            ||    20
